 Dungeon Crawl Stone Soup version 0.14.2 (webtiles) character file.

408 FuckCats the Insei (level 5, -2/43 HPs)
             Began as a Mummy Monk on Jan 30, 2016.
             Slain by an ogre
             ... wielding a +0,+0 giant club
              (22 damage)
             ... on Level 4 of the Dungeon.
             The game lasted 00:09:44 (6224 turns).

FuckCats the Insei (Mummy Monk)                     Turns: 6224, Time: 00:09:44

HP  -2/43        AC  1     Str 14      XL: 5   Next: 71%
MP   5/5         EV 13     Int  9      God:
Gold 180         SH  0     Dex 15      Spells:  0 memorised,  4 levels left

rFire  x . .     SeeInvis +       - Unarmed
rCold  + . .     Clarity  .     (no armour)
rNeg   + + +     Conserve .     (no shield)
rPois  +         rCorr    .     (no helmet)
rElec  .         rRot     +     (no cloak)
SustAb . .       Spirit   .     a - +0 pair of gloves
rMut   .         Warding  .     (no boots)
Saprov . . .     Stasis   .     (no amulet)
MR     .....                    (no ring)
                                h - ring of see invisible

@: not resistant to hostile enchantments, fairly stealthy
A: no food or potions, fire vulnerability, restore body, cold resistance 1, life
protection 3, poison resistance, torment resistance, unbreathing
a: no special abilities


You were on level 4 of the Dungeon.
You were not hungry.

You visited 1 branch of the dungeon, and saw 4 of its levels.

You collected 180 gold pieces.


Innate Abilities, Weirdness & Mutations

You do not eat or drink.
Your flesh is vulnerable to fire.
Your flesh is cold resistant.
You are immune to negative energy.
Your system is resistant to poisons.
You are immune to unholy pain and torment.
You can survive without breathing.


   Skills:
 + Level 4.6 Fighting
 - Level 2.4 Dodging
 - Level 1.5 Stealth
 - Level 5.0 Unarmed Combat


You had 4 spell levels left.
You didn't know any spells.

Inventory:

Armour
 a - a +0 pair of gloves (worn)
Comestibles
 g - a cheese {AGED TO PERFECTION}
Scrolls
 b - 2 scrolls of recharging (quivered)
 c - a scroll of enchant weapon I
 d - 2 scrolls of noise {unknown}
 e - a scroll of amnesia {unknown}
 f - 5 scrolls of enchant weapon II {unknown}
 i - 2 scrolls of blinking
 j - 2 scrolls of teleportation
 k - 2 scrolls of remove curse {unknown}
 l - a scroll of fear {unknown}
Jewellery
 h - a ring of see invisible (left hand)

Dungeon Overview and Level Annotations

Branches:
Dungeon (4/15)
 Temple: D:4-7

Altars:

Annotations:
D:4 exclusions: ogre and ooze

···<··▒ ▒▒▒▒▒▒▒▒·▒▒ ▒·▒
▒▒▒·▒▒▒ ▒▒▒▒▒·▒▒▒ ▒·▒ ▒·▒
▒···)···▒ ▒·▒ ▒+▒
▒·······▒ ▒·▒ ···
▒·······▒ ▒·▒ ····
▒·······▒ ▒·▒▒ ·O···
▒·······▒ ▒··▒▒ ··J···
▒▒▒▒·······▒▒▒▒▒▒▒···▒▒▒▒
······
+··(···(MO··············+
······
▒▒▒▒····▒▒▒▒▒▒▒······▒▒▒▒
·····
▒▒▒··(·····▒▒▒▒▒▒··▒ ····
▒····%(··▒·▒ ▒▒·▒ ···
▒·▒·▒·▒▒)▒·▒ ▒·▒ ▒+▒
▒·▒·▒·▒▒·▒·▒ ▒·▒ ▒·▒
▒·▒·▒··▒·▒·▒ ▒·▒ ▒·▒
▒·▒·▒▒·▒·▒·▒ ▒·▒
▒▒·▒▒▒▒▒▒▒·▒·▒▒·▒·▒·▒ ▒<▒
▒▒


You could see an ogre.


Message History

No target in view!
b - 2 scrolls of recharging (gained 1)
Found a stone staircase leading down.
An orc comes into view.
There is a stone staircase leading down here.
Found two items.
The orc shouts!
The orc closely misses you.
An ogre comes into view. It is wielding a giant club.
You punch the orc!
You kill the orc!
You hit the ogre.
The ogre is lightly wounded.
The ogre hits you with a giant club!
You hit the ogre.
The ogre is moderately wounded.
You hit the ogre.
The ogre is heavily wounded.
The ogre hits you with a giant club!
* * * LOW HITPOINT WARNING * * *
You hit the ogre but do no damage.
The ogre is heavily wounded.
The ogre barely misses you. The ogre hits you with a giant club.
* * * LOW HITPOINT WARNING * * *
There is a stone staircase leading down here.
There is a stone staircase leading up here.
The ogre hits you with a giant club!
Ouch! That really hurt!
You die...

Action                   |  1- 3 |  4- 6 || total
-------------------------+-------+-------++-------
Melee: Unarmed           |   161 |   210 ||   371
  Use: Scroll            |       |     5 ||     5
 Stab: Sleeping          |     1 |     3 ||     4
       Distracted        |     1 |     1 ||     2

Vault maps used:
D:1:      dpeg_arrival_arbitrary_c
D:2:      minmay_rat_hole
D:3:      uniq_jessica
D:4:      first_bread, serial_shops, shop, kennysheep_orc_chapel

Notes
Turn   | Place    | Note
--------------------------------------------------------------
     0 | D:1      | FuckCats, the Mummy Monk, began the quest for the Orb.
     0 | D:1      | Reached XP level 1. HP: 18/18 MP: 1/1
   408 | D:1      | Reached XP level 2. HP: 20/24 MP: 2/2
   672 | D:1      | Reached skill level 4 in Unarmed Combat
  1079 | D:1      | Reached XP level 3. HP: 18/29 MP: 3/3
  2183 | D:2      | Reached XP level 4. HP: 35/35 MP: 4/4
  2864 | D:3      | Noticed Jessica
  2869 | D:3      | Killed Jessica
  3015 | D:3      | Reached skill level 5 in Unarmed Combat
  3344 | D:3      | HP: 2/35 [jackal (3)]
  4095 | D:2      | HP: 1/35 [orc (5)]
  4496 | D:3      | Reached XP level 5. HP: 5/42 MP: 5/5
  4811 | D:3      | HP: 3/42 [orc/hand axe (8)]
  5557 | D:4      | Reached skill level 4 in Fighting
  5740 | D:4      | Noticed an ogre
  5851 | D:4      | Noticed a wyvern
  6136 | D:4      | Noticed an ogre
  6224 | D:4      | Slain by an ogre

Vanquished Creatures
  An orc priest (D:3)
  A hound (D:4)
  A worker ant (D:4)
  Jessica (D:3)
  A gnoll (D:1)
  An adder (D:2)
  A worm (D:2)
  2 giant geckos (D:2)
  An ooze (D:3)
  6 orcs
  3 giant cockroaches
  9 goblins
  14 hobgoblins
  6 jackals
  5 kobolds
  3 quokkas
  2 ball pythons
  12 bats
  7 giant newts
  26 rats
103 creatures vanquished.
